 Dungeon Crawl Stone Soup version 0.20.1-1-g8b1a95d (webtiles) character file.

53 dohliylev the Sneak (level 3, 0/27 HPs)
             Began as a Vampire Assassin on Dec 3, 2017.
             Slain by a scorpion (4 damage)
             ... on level 3 of the Dungeon.
             The game lasted 00:05:33 (1428 turns).

dohliylev the Sneak (Vampire Assassin)              Turns: 1428, Time: 00:05:34

Health: 0/27       AC:  3    Str: 10    XL:     3   Next: 64%
Magic:  3/3        EV: 11    Int: 13    God:
Gold:   91         SH:  6    Dex: 16    Spells: 2/2 levels left

rFire    . . .     SeeInvis +   a - +3 dagger
rCold    . . .     Gourm    .   p - +2 buckler
rNeg     . . .     Faith    .   c - +0 robe
rPois    .         Spirit   .   (no helmet)
rElec    .         Reflect  .   d - +0 cloak
rCorr    .         Harm     .   (no gloves)
MR       .....                  (no boots)
Stlth    ++++......             (no amulet)
Regen    0.3/turn               (no ring)
MPRegen  0.1/turn               (no ring)

@: lethally poisoned (0 -> -1), regenerating quickly
A: fangs 3, see invisible, unbreathing
a: no special abilities


You were on level 3 of the Dungeon.
You were almost alive.

You visited 1 branch of the dungeon, and saw 3 of its levels.

You collected 91 gold pieces.

Inventory:

Hand Weapons
 a - a +3 dagger (weapon)
 b - a +0 blowgun
Missiles
 e - 8 poisoned needles
 f - 2 curare-tipped needles
Armour
 c - a +0 robe (worn)
 d - a +0 cloak (worn)
 p - a +2 buckler (worn)
Jewellery
 r - an uncursed ring of positive energy {unknown}
Scrolls
 h - 2 scrolls of fear {unknown}
 j - a scroll of amnesia {unknown}
 l - 4 scrolls of identify {unknown}
 n - a scroll of teleportation {unknown}
 o - 2 scrolls of remove curse {unknown}
Potions
 g - 9 potions of blood
 i - 2 potions of might {unknown}
 k - a potion of ambrosia {unknown}
 m - 2 potions of heal wounds {unknown}
 q - a potion of degeneration {unknown}


   Skills:
 - Level 1.7 Fighting
 - Level 2.1 Short Blades
 - Level 1.5 Throwing
 - Level 1.1 Dodging
 + Level 7.9 Stealth
 + Level 0.8 Shields


You had 2 spell levels left.
You didn't know any spells.

Dungeon Overview and Level Annotations

Branches:
Dungeon (3/15)

Altars:


Innate Abilities, Weirdness & Mutations

Your natural rate of healing is unusually fast.
You have razor-sharp teeth.
You have supernaturally acute eyesight. (SInv)
You can survive without breathing.


Message History

You hit the jackal. You bite the jackal.
You kill the jackal!
The leopard gecko bites you.
You hit the scorpion.
The scorpion is lightly wounded.
The leopard gecko bites you. The scorpion stings you.
You hit the scorpion.
The scorpion is moderately wounded.
The leopard gecko bites you. The scorpion stings you.
You are poisoned.
The scorpion poisons you!
You hit the scorpion but do no damage.
The scorpion is moderately wounded.
You feel sick. The leopard gecko barely misses you. The scorpion stings you.
You hit the scorpion but do no damage.
The scorpion is moderately wounded.
You feel sick. The leopard gecko bites you.
* * * LOW HITPOINT WARNING * * *
The scorpion stings you.
You die...

#...........# .#
#...........####.#
#...........#....#
########......#
#....<...##
#.......<#
#........######..
#.....>.l........
#....$.@s!......[
#..$....##....#..
#.......# ...##
#.?.....# ...#
######### ...#
#... .... .)>..


You could see a scorpion and a leopard gecko.

Vanquished Creatures
  An ooze (D:1)
  3 leopard geckos
  5 bats
  A giant cockroach (D:2)
  3 goblins
  6 hobgoblins
  4 jackals
  2 quokkas
  5 frilled lizards
  5 kobolds
  8 rats
43 creatures vanquished.

Notes
Turn   | Place    | Note
-------+----------+-------------------------------------------
     0 | D:1      | dohliylev the Vampire Assassin began the quest for the Orb.
     0 | D:1      | Reached XP level 1. HP: 16/16 MP: 1/1
    63 | D:1      | Reached skill level 6 in Stealth
   135 | D:1      | Reached XP level 2. HP: 5/22 MP: 2/2
   289 | D:1      | Reached skill level 7 in Stealth
   419 | D:1      | Reached XP level 3. HP: 26/27 MP: 3/3
   981 | D:2      | Found a faded altar of an unknown god.
  1415 | D:3      | Noticed a scorpion
  1428 | D:3      | Slain by a scorpion

Skill      XL: |  1  2 |
---------------+-------+-----
Stealth        | 6 7 |  7.9
Fighting       | |  1.7
Short Blades   | |  2.1
Throwing       | |  1.5
Dodging        | |  1.1
Shields        | |  0.8

Action                   || total
-------------------------++-------
Melee: Dagger            ||   125
       Bite              ||     8
 Fire: Blowgun           ||     1
 Stab: Sleeping          ||    10
  Eat: Corpse            ||    13
Armor: Robe              ||    19
Dodge: Dodged            ||    38
Block: Large shield      ||    43
       Buckler           ||     8
